 Dungeon Crawl Stone Soup version 0.28-a0-512-g960c72b710 (webtiles) character file.

Game seed: 6471115749830474278

308 Lekart the Slasher (level 6, -15/53 HPs)
             Began as a Draconian Chaos Knight on Sept 22, 2021.
             Was a Plaything of Xom.
             Demolished by a wyvern zombie (20 damage)
             ... on level 4 of the Dungeon.
             The game lasted 00:03:42 (2799 turns).

Lekart the Slasher (Draconian Chaos Knight)         Turns: 2799, Time: 00:03:43

Health: -15/53     AC: 10    Str: 16    XL:     6   Next: 16%
Magic:  6/6        EV: 12    Int: 13    God:    Xom [..*...]
Gold:   127        SH:  0    Dex: 10    Spells: 5/5 levels left

rFire   . . .      SeeInvis .   a - +0 falchion (chaos)
rCold   . . .      Faith    .   (no shield)
rNeg    . . .      Spirit   .   (armour unavailable)
rPois   .          Reflect  .   (helmet restricted)
rElec   .          Harm     .   (no cloak)
rCorr   .          Rampage  .   d - +2 pair of gloves
Will    .....                   b - +0 pair of boots
Stlth   +.........              (no amulet)
HPRegen 0.17/turn               (no ring)
MPRegen 0.10/turn               (no ring)

@: hasted, very quick
A: AC +6, unfitting armour, cold-blooded
a: Renounce Religion


You were on level 4 of the Dungeon.
You worshipped Xom.
You were a toy of Xom.
You visited 1 branch of the dungeon, and saw 4 of its levels.

You collected 127 gold pieces.

Inventory:

Hand Weapons
 a - a +0 falchion of chaos (weapon)
Armour
 b - a +0 pair of boots (worn)
 d - a +2 pair of gloves (worn)
Wands
 f - a wand of iceblast (6)
Scrolls
 c - a scroll of enchant weapon {unknown}


   Skills:
 + Level 4.7 Fighting
 + Level 5.2 Long Blades
 + Level 3.4 Dodging
 + Level 1.1 Stealth


You had 5 spell levels left.
You didn't know any spells.
Your spell library contained the following spells:

 Spells                   Type           Power      Damage    Failure   Level
 Summon Forest            Summ/Tloc      0%         N/A       100%        5
 Summon Mana Viper        Hex/Summ       0%         N/A       100%        5
 Summon Cactus Giant      Summ           0%         N/A       100%        6


Dungeon Overview and Level Annotations

Branches:
Dungeon (4/15)
 Temple: D:4-7

Altars:
Okawaru
Trog
Vehumet

Shops:
D:4 ?

Annotations:
D:3 exclusion: downstairs


Innate Abilities, Weirdness & Mutations

Your plain brown scales are hard. (AC +6)
You cannot fit into any form of body armour.
You are cold-blooded and may be slowed by cold attacks.


Message History

Aiming: Iceblast
Press: ? - help, Shift-Dir - straight line, f - ogre
Aim: an ogre, wielding a +0 giant club (lightly wounded)
The mass of ice explodes!
The iceblast engulfs the ogre!
The ogre is heavily wounded.
Things that are here:
3 stones; a +0 club; a kobold corpse Xom grants you a minor favour.
You feel yourself speed up.
Aiming: Iceblast
Press: ? - help, Shift-Dir - straight line, f/p - ogre
Aim: an ogre, wielding a +0 giant club (moderately wounded)
The mass of ice explodes!
The iceblast engulfs the ogre!
The ogre is almost dead.
You slash the ogre! You freeze the ogre.
You kill the ogre!
Your Long Blades skill increases to level 5!
Your Stealth skill increases to level 1!
You have reached level 6!
Your experience leads to an increase in your attributes!
Increase (S)trength, (I)ntelligence, or (D)exterity?
You feel stronger.
Your scales feel tougher.
Unknown command.
You are too injured to fight recklessly!
You are too injured to fight recklessly!
You hit the wyvern zombie but do no damage.
The wyvern zombie seems to grow stronger.
The wyvern zombie is moderately damaged.
The wyvern zombie bites you!
* * * LOW HITPOINT WARNING * * *
You hit the wyvern zombie but do no damage.
The wyvern zombie is moderately damaged.
The wyvern zombie bites you but does no damage.
The wyvern zombie bites you.
* * * LOW HITPOINT WARNING * * *
You hit the wyvern zombie but do no damage.
The wyvern zombie is moderately damaged.
The wyvern zombie bites you!!
You die...
Xom thinks this is hilarious!

########### ###
..........#####.#
....(.....##....#####
..........#...(.....#
####.#####..#..Z@...#
#...#...##.(.....#
####...####....)..############
....>..#.#
#....<.............#
.#######.#
#.......#..........#
#.####.......#.....Z..?.#
#...##.......#..........#
###..##.######..........#
###.##.# #..........#


You could see a wyvern zombie (strong).

Vanquished Creatures
  Purgy (D:3)
  An ogre (D:4)
  An orc priest (D:4)
  A gnoll (D:3)
  2 adders
  4 dart slugs
  3 orcs
  4 bats
  3 endoplasms
  3 giant cockroaches
  8 goblins
  3 hobgoblins
  A quokka (D:4)
  11 ball pythons
  2 frilled lizards
  9 kobolds
  4 rats
61 creatures vanquished.

Notes
Turn   | Place    | Note
-------+----------+-------------------------------------------
     0 | D:1      | Lekart the Draconian Chaos Knight began the quest for the
                  | Orb.
     0 | D:1      | Reached XP level 1. HP: 19/19 MP: 1/1
   149 | D:1      | Reached XP level 2. HP: 22/26 MP: 2/2
   304 | D:1      | Found a faded altar of an unknown god.
  1045 | D:2      | Reached XP level 3. HP: 28/33 MP: 3/3
  1553 | D:2      | XOM: divination: magic mapping
  1757 | D:3      | Noticed Purgy
  1768 | D:3      | Killed Purgy
  1769 | D:3      | Reached skill level 4 in Long Blades
  1769 | D:3      | Reached XP level 4. HP: 34/41 MP: 4/4
  1769 | D:3      | Reached XP level 5. HP: 39/47 MP: 5/5
  1860 | D:3      | Found an iron altar of Okawaru.
  1860 | D:3      | Found a bloodstained altar of Trog.
  2212 | D:3      | Found a radiant altar of Vehumet.
  2509 | D:4      | XOM: divination: detect items
  2512 | D:4      | XOM: silly message
  2619 | D:4      | XOM: potion effect (haste)
  2718 | D:4      | Noticed an ogre
  2720 | D:4      | Found Goelaj's Magic Scroll Emporium.
  2721 | D:4      | XOM: silly message
  2722 | D:4      | XOM: butterfly on damage
  2727 | D:4      | XOM: potion effect (heal wounds)
  2766 | D:4      | XOM: silly message
  2768 | D:4      | XOM: potion effect (heal wounds)
  2789 | D:4      | XOM: potion effect (haste)
  2794 | D:4      | Killed an ogre
  2795 | D:4      | Reached skill level 5 in Long Blades
  2795 | D:4      | Reached skill level 1 in Stealth
  2795 | D:4      | Reached XP level 6. HP: 21/53 MP: 6/6
  2799 | D:4      | Demolished by a wyvern zombie

Illustrated notes

Levels and vault maps discovered:
D:1:      minmay_arrival_stone_box, layout_loops_cross,
          hellmonk_ecumenical_altar_heavens_door
D:2:      layout_basic
D:3:      layout_loops_ring, grunt_temple_overflow_bloody_war, vehumet_crystals,
          st_stairs_6, uniq_purgy
D:4:      layout_rooms, mainiacjoe_overflow_alcove_4,
          mainiacjoe_overflow_alcove_2, serial_shops, shop

Skill      XL: |  1  2  3  4  5 |
---------------+----------------+-----
Fighting       | 4 |  4.7
Long Blades    | 4 5 |  5.2
Dodging        | 3 |  3.4
Stealth        | 1 |  1.1

Action                   |  1- 3 |  4- 6 || total
-------------------------+-------+-------++-------
Melee: Falchion          |   102 |    61 ||   163
       Tailslap          |     4 |     4 ||     8
Evoke: Wand              |       |     2 ||     2
  Use: Scroll            |     2 |     2 ||     4
 Stab: Sleeping          |     1 |       ||     1
Armor: Skin              |    41 |    28 ||    69
Dodge: Dodged            |    68 |    40 ||   108

Table legend: (Time is in decaauts)
 A = Elapsed time spent in this place.
 B = Non-inter-level travel time spent in this place.
 C = Inter-level travel time spent in this place.
 D = Time resting spent in this place.
 E = Time spent auto-exploring this place.
 F = Levels seen in this place.
 G = Mean time per level.
                   A        B        C        D        E       F      G
               +--------+--------+--------+--------+--------+-----+--------+
         Total |   2793 |   2665 |    128 |      0 |   2178 |   4 |  698.2 |
       Dungeon |   2793 |   2665 |    128 |      0 |   2178 |   4 |  698.2 |
               +--------+--------+--------+--------+--------+-----+--------+

Top non-repeatable levels by time:
     D:1: 992 daAuts
     D:3: 811 daAuts
     D:2: 691 daAuts
     D:4: 298 daAuts
